 Dungeon Crawl Stone Soup version 0.17.0-24-gcfadda4 (webtiles) character file.

154 ketsa the Distorting Demonspawn (level 5, -7/41 HPs)
             Began as a Demonspawn Abyssal Knight on Nov 16, 2015.
             Was a Believer of Lugonu.
             Mangled by Natasha (8 damage)
             ... on level 3 of the Dungeon.
             The game lasted 00:07:39 (4480 turns).

ketsa the Distorting Demonspawn (DsAK)              Turns: 4480, Time: 00:07:39

Health: -7/41      AC:  5    Str: 13    XL:     5   Next: 13%
Magic:  7/7        EV: 10    Int: 13    God:    Lugonu [**....]
Gold:   160        SH:  0    Dex: 13    Spells: 0 memorised, 4 levels left

rFire  . . .     SeeInvis .     a - +1 hand axe
rCold  . . .     Clarity  .     s - +0 ring mail
rNeg   . . .     SustAt   .     (no shield)
rPois  .         Gourm    .     (no helmet)
rElec  .         Spirit   .     (no cloak)
rCorr  .         Warding  .     (no gloves)
rMut   .         Stasis   .     (no boots)
MR     .....                    (no amulet)
Stlth  +.........               (no ring)
                                (no ring)

@: very slightly contaminated, slowed, invisible, very slow, not resistant to
hostile enchantments, very unstealthy
A: demonic guardian 2
a: Depart the Abyss, Bend Space, Renounce Religion


You were on level 3 of the Dungeon.
You worshipped Lugonu.
Lugonu was pleased with you.
You were hungry.

You visited 1 branch of the dungeon, and saw 3 of its levels.
You visited the Abyss 1 time.

You collected 160 gold pieces.

Inventory:

Hand Weapons
 a - a +1 hand axe (weapon)
 n - a +0 flail
 t - a +0 hunting sling
Missiles
 r - 8 tomahawks (quivered)
 v - 14 stones
Armour
 b - a +0 leather armour
 s - a +0 ring mail (worn)
 u - a +0 scale mail
Jewellery
 g - an uncursed ring of ice {unknown}
Scrolls
 d - 2 scrolls of identify {unknown}
 h - a scroll of noise {unknown}
 j - 2 scrolls of remove curse {unknown}
 k - a scroll of enchant armour {unknown}
 l - a scroll of fog {unknown}
 m - 2 scrolls of random uselessness {unknown}
 q - a scroll of recharging {unknown}
Comestibles
 c - 2 bread rations


   Skills:
 - Level 3.6 Fighting
 * Level 3.5 Axes
 - Level 2.0 Armour
 - Level 1.5 Dodging
 + Level 3.8 Invocations


You had 4 spell levels left.
You didn't know any spells.

Dungeon Overview and Level Annotations

Branches:
Dungeon (3/15)

Altars:
Nemelex Xobeh
Xom
Zin

Annotations:
D:3 Natasha


Innate Abilities, Weirdness & Mutations

A demonic guardian rushes to your aid.


Message History

You feel genetically unstable.
You feel stable. A chill runs up and down your throat.
The crimson imp shouts!
Your soul eater disappears in a puff of smoke!
Natasha stares at you and mumbles some strange words.
You feel as though you will be slow longer.
Natasha claws you.
* * * LOW HITPOINT WARNING * * *
You are feeling hungry.
The crimson imp shouts!
Natasha closely misses you.
You closely miss Natasha.
Natasha is heavily wounded.
Natasha casts a spell at you. The magic dart hits you!
* * * LOW HITPOINT WARNING * * *
You miss Natasha.
Natasha is heavily wounded.
Natasha claws you but does no damage. Natasha claws you!
You die...

... ... #.# #. #.# #. #.#
#.# #.# #.# ########.#
#.. ...).....###
#.##########
#######)..##.#.3@h55.....
#....<#.#.##.#..#########
#.......#..#....#
#.########.###.####### #
#..#........#
##.#..#####.#
#........... ##.#.#####..
#.#.#


You could see Natasha, a crimson imp, a shadow imp and a friendly ice devil.

Vanquished Creatures
  8 adders (D:2)
  4 orcs (D:3)
  2 giant cockroaches (D:2)
  11 goblins
  10 hobgoblins
  6 jackals
  6 kobolds
  A quokka (D:2)
  A ball python (D:2)
  8 bats
  3 giant geckos
  6 giant newts
  10 rats
76 creatures vanquished.

Vanquished Creatures (collateral kills)
  A quokka (D:3)
1 creature vanquished.

Grand Total: 77 creatures vanquished

Notes
Turn   | Place    | Note
--------------------------------------------------------------
     0 | Abyss:1  | ketsa the Demonspawn Abyssal Knight began the quest for the Orb.
     0 | Abyss:1  | Reached XP level 1. HP: 18/18 MP: 2/2
    68 | Abyss:1  | Found a corrupted altar of Lugonu.
   167 | D:1      | Escaped the Abyss
   194 | D:1      | Reached skill level 1 in Dodging
   677 | D:1      | Gained mutation: A weak demonic guardian rushes to your aid. [demonic ancestry]
   677 | D:1      | Reached XP level 2. HP: 14/24 MP: 3/3
   810 | D:1      | Found a sparkling altar of Nemelex Xobeh.
   825 | D:1      | Reached * piety under Lugonu
  1269 | D:1      | Reached XP level 3. HP: 19/29 MP: 4/4
  1561 | D:1      | Reached ** piety under Lugonu
  1897 | D:2      | Found a shimmering altar of Xom.
  2240 | D:2      | Reached XP level 4. HP: 19/36 MP: 6/6
  3794 | D:2      | Found a glowing silver altar of Zin.
  4075 | D:2      | Gained mutation: A demonic guardian rushes to your aid. [demonic ancestry]
  4075 | D:2      | Reached XP level 5. HP: 31/41 MP: 7/7
  4452 | D:3      | Noticed Natasha
  4472 | D:3      | Gained mutation: You are somewhat resistant to further mutation. [potion of mutation]
  4472 | D:3      | Gained mutation: You can breathe flames. [potion of mutation]
  4472 | D:3      | Gained mutation: You are occasionally teleported to nearby monsters. [potion of mutation]
  4477 | D:3      | Lost mutation: You are somewhat resistant to further mutation. [potion of cure mutation]
  4477 | D:3      | Lost mutation: You are occasionally teleported to nearby monsters. [potion of cure mutation]
  4477 | D:3      | Lost mutation: You can breathe flames. [potion of cure mutation]
  4479 | D:3      | HP: 1/41 [Natasha/magic dart (6)]
  4480 | D:3      | Mangled by Natasha

Action                   |  1- 3 |  4- 6 || total
-------------------------+-------+-------++-------
Melee: Hand axe          |   183 |   151 ||   334
Invok: Depart the Abyss  |     1 |       ||     1
  Use: Potion            |     2 |     5 ||     7
 Stab: Sleeping          |       |     1 ||     1
  Eat: Chunk             |     5 |     5 ||    10
       Beef jerky        |       |     1 ||     1
